 Dungeon Crawl Stone Soup version 0.28.0-53-g5a82cb258f (webtiles) character file.

Game seed: 2693796609601404858

405 protoss039 the Digger (level 6, -1/47 HPs)
             Began as a Demonspawn Earth Elementalist on June 1, 2022.
             Was an Initiate of Vehumet.
             Killed by divine providence
             ... invoked by an orc priest
              (8 damage)
             ... on level 4 of the Dungeon.
             The game lasted 00:05:49 (5100 turns).

protoss039 the Digger (DsEE)                        Turns: 5100, Time: 00:05:50

Health: -1/47      AC:  9    Str:  9    XL:     6   Next: 56%
Magic:  6/10       EV: 10    Int: 21    God:    Vehumet [......]
Gold:   123        SH:  0    Dex: 13    Spells: 5/11 levels left

rFire   + . .      SeeInvis .   a - +2 dagger (freeze)
rCold   . . .      Faith    .   (no shield)
rNeg    . . .      Spirit   .   i - +3 ring mail of Ippottuf {rF+ Will+ Int+3 Stlth+}
rPois   .          Reflect  .   (no helmet)
rElec   .          Harm     .   (no cloak)
rCorr   +          Rampage  .   (no gloves)
Will    +....                   (no boots)
Stlth   ++........              (no amulet)
HPRegen 0.15/turn               f - ring of resist corrosion
MPRegen 0.12/turn               (no ring)

@: lethally poisoned (-1 -> -3), about to teleport
A: ignite blood 2, sharp scales 1, weakness stinger 1
a: Renounce Religion


You were on level 4 of the Dungeon.
You worshipped Vehumet.
Vehumet was noncommittal.
You visited 1 branch of the dungeon, and saw 5 of its levels.

You collected 123 gold pieces.

Inventory:

Hand Weapons
 a - a +2 dagger of freezing (weapon)
 k - a +3 hand axe
Missiles
 c - 53 stones
Armour
 i - the +3 ring mail of Ippottuf (worn) {rF+ Will+ Int+3 Stlth+}
   (You found it on level 3 of the Dungeon)

   Int:       It affects your intelligence (+3).
   rF:        It protects you from fire.
   Will:      It increases your willpower.
   Stlth:     It makes you more stealthy.
Jewellery
 f - a ring of resist corrosion (left hand)
Wands
 l - a wand of paralysis (6)
 m - a wand of charming (8)
Scrolls
 b - 2 scrolls of enchant weapon {unknown}
 e - a scroll of vulnerability {unknown}
 g - 2 scrolls of identify {unknown}
 h - a scroll of magic mapping {unknown}
 j - a scroll of teleportation
Potions
 d - a potion of flight {unknown}
 n - a potion of mutation {unknown}


   Skills:
 * Level 3.4 Fighting
 * Level 2.8 Armour
 - Level 1.7 Dodging
 - Level 1.7 Stealth
 + Level 3.0 Spellcasting
 + Level 1.5 Conjurations
 - Level 1.7 Transmutations
 + Level 3.6 Earth Magic


You had 5 spell levels left.
You knew the following spells:

 Your Spells              Type           Power      Damage    Failure   Level
a - Sandblast             Erth           36%        2d10      9%          1
b - Passwall              Tmut/Erth      11%        N/A       19%         2
c - Stone Arrow           Conj/Erth      26%        3d8       36%         3

Your spell library contained the following spells:

 Spells                   Type           Power      Damage    Failure   Level
 Animate Skeleton         Necr           6%         N/A       34%         1
 Apportation              Tloc           6%         N/A       34%         1
 Summon Small Mammal      Summ           12%        N/A       34%         1
 Call Canine Familiar     Summ           3%         N/A       71%         3
 Summon Guardian Golem    Hex/Summ       3%         N/A       71%         3
 Petrify                  Tmut/Erth      14%        N/A       75%         4


Dungeon Overview and Level Annotations

Branches:
Dungeon (5/15)             Temple (0/1) D:4

Altars:
Ru
Vehumet

Annotations:
D:1 Terence


Innate Abilities, Weirdness & Mutations

Your demonic aura often causes spilled blood to erupt in flames.
You are partially covered in razor-sharp scales. (AC +1, Slay +1)
You have a small tail.


Message History

Aiming: Sandblast (safe; 9% risk of failure)
Press: ? - help, Shift-Dir - straight line, f - gnoll sergeant
Aim: a gnoll sergeant, wielding a +0 broad axe, wearing a +0 ring mail and carrying a wand of charming (13) (85% to hit)
The blast of sand hits the gnoll sergeant but does no damage.
An adder comes into view.
Unknown command.
The gnoll sergeant zaps a wand.
You resist with almost no effort.
Your magical contamination has completely faded away.
Found 12 gold pieces.
A water moccasin comes into view.
Found a stone staircase leading up.
The water moccasin hisses angrily.
Found a scroll labelled PIECSAXENT.
The water moccasin bites you.
You are poisoned.
The water moccasin poisons you!
You feel very sick. The water moccasin misses you.
The water moccasin barely misses you.
You feel very sick.
There is a stone staircase leading up here.
You feel sick.
The water moccasin bites you but does no damage.
The gnoll sergeant hits you with a +0 broad axe!
You climb upwards.
You feel sick.
There is a stone staircase leading down here.
Unknown command.
As you read the scroll of teleportation, it crumbles to dust.
You feel strangely unstable.
You feel sick.
The water moccasin bites you but does no damage.
The gnoll sergeant hits you with a +0 broad axe!
* * * LOW HITPOINT WARNING * * *
The water moccasin bites you but does no damage.
The ball python hisses angrily.
You feel sick.
The orc priest shouts!
The gnoll sergeant zaps a wand.
You resist with almost no effort.
Unknown command.
You feel sick.
The orc priest calls down the wrath of Beogh upon you.
Beogh smites you!
You die...

.##+##.#.#..⌠.⌠...>.#.#.#.##..#
...........8.8o8.......... ....
.#..##.#.........##....... #..#
.................##.#.#.#.##...
.#...#.........o..........
.........###.....#..#.....
.....#.# #..............
.....#.#####.....#..#.....
........o.......@#..#.....
........o.......SS........
.....########?.#..>##.##.
........ .........g......
.#...#.# #.#..##.........
.#...#.# # #.. #...#.##..
.....# # #. #...#.# #..... .
..... . .. ...... .


You could see a water moccasin, a gnoll sergeant, an orc priest, an orc
(wandering) and a ball python.

Vanquished Creatures
  A black bear (D:4)
  A hound (D:4)
  An orc priest (D:5)
  Jessica (D:3)
  Ijyb (D:4)
  Natasha (twice) (D:4)
  An orc wizard (D:5)
  A hound zombie (D:5)
  5 adders
  A worm (D:2)
  5 orcs
  7 endoplasms
  3 giant cockroaches
  2 goblins
  7 hobgoblins
  5 kobolds
  3 quokkas
  9 ball pythons
  4 bats
  3 frilled lizards
  3 rats
66 creatures vanquished.

Vanquished Creatures (others)
  A plant (D:2)
  3 withered plants (D:5)
4 creatures vanquished.

Grand Total: 70 creatures vanquished

Notes
Turn   | Place    | Note
-------+----------+-------------------------------------------
     0 | D:1      | protoss039 the Demonspawn Earth Elementalist began the
                  | quest for the Orb.
     0 | D:1      | Reached XP level 1. HP: 13/13 MP: 3/3
    52 | D:1      | Found a faded altar of an unknown god.
    58 | D:1      | Reached skill level 1 in Transmutations
   725 | D:1      | Gained mutation: Your demonic aura sometimes causes spilled
                  | blood to erupt in flames. [demonic ancestry]
   725 | D:1      | Reached XP level 2. HP: 20/20 MP: 5/5
   928 | D:1      | Reached skill level 1 in Fighting
  1626 | D:1      | Learned a level 2 spell: Passwall
  1646 | D:2      | Reached XP level 3. HP: 23/26 MP: 6/6
  1902 | D:2      | HP: 1/27 [rat (3)]
  2685 | D:2      | Reached skill level 1 in Armour
  2771 | D:3      | Noticed Terence
  3400 | D:3      | Gained mutation: You have a small tail. [demonic ancestry]
  3400 | D:3      | Reached XP level 4. HP: 22/33 MP: 5/7
  3401 | D:3      | Identified the +3 ring mail of Ippottuf {rF+ Will+ Int+3
                  | Stlth+}
  3667 | D:3      | Noticed Jessica
  3670 | D:3      | Killed Jessica
  4053 | D:3      | Found a sacrificial altar of Ru.
  4090 | D:3      | Found a radiant altar of Vehumet.
  4227 | D:3      | Became a worshipper of Vehumet
  4263 | D:2      | Learned a level 3 spell: Stone Arrow
  4293 | D:4      | Found a staircase to the Ecumenical Temple.
  4358 | D:4      | Noticed Ijyb
  4373 | D:4      | Killed Ijyb
  4374 | D:4      | Gained mutation: Your demonic aura often causes spilled
                  | blood to erupt in flames. [demonic ancestry]
  4374 | D:4      | Reached XP level 5. HP: 34/39 MP: 0/8
  4497 | D:4      | Noticed Natasha
  4506 | D:4      | Killed Natasha
  4532 | D:4      | Noticed Natasha
  4540 | D:4      | Killed Natasha
  4660 | D:4      | Noticed a black bear
  4670 | D:4      | Killed a black bear
  4671 | D:4      | Reached skill level 1 in Conjurations
  4671 | D:4      | Gained mutation: You are partially covered in razor-sharp
                  | scales. (AC +1, Slay +1) [demonic ancestry]
  4671 | D:4      | Reached XP level 6. HP: 31/47 MP: 7/10
  4850 | D:5      | Entered Level 5 of the Dungeon
  5091 | D:5      | Noticed a water moccasin
  5100 | D:4      | Killed from afar by an orc priest

Illustrated notes

Levels and vault maps discovered:
D:1:      scummos_arrival_simple_fountains, layout_loops_ring,
          ebering_ecumenical_altar_mist, minivault_25
D:2:      layout_rooms, serial_bayou_crossing
D:3:      layout_basic, mainiacjoe_overflow_big_doors, uniq_terence,
          uniq_jessica
D:4:      layout_basic, minmay_temple_entry_statues_fountains, uniq_natasha,
          uniq_ijyb, uniq_edmund
D:5:      layout_basic, kiku_gazebo_garden_becter, kennysheep_generic_room_5,
          uniq_blork_the_orc

Skill      XL: |  1  2  3  4  5  6 |
---------------+-------------------+-----
Transmutations | 1 |  1.7
Fighting       | 1 2 3 |  3.4
Earth Magic    | 3 |  3.6
Armour         | 1 2 |  2.8
Conjurations   | 1 |  1.5
Spellcasting   | 3 |  3.0
Dodging        | |  1.7
Stealth        | |  1.7

Action                   |  1- 3 |  4- 6 || total
-------------------------+-------+-------++-------
Melee: Unarmed           |     8 |       ||     8
       Dagger            |    96 |    83 ||   179
       Punch             |     1 |       ||     1
       Tailslap          |       |    12 ||    12
 Cast: Sandblast         |    21 |    20 ||    41
       Stone Arrow       |       |     1 ||     1
  Use: Scroll            |       |     2 ||     2
 Stab: Sleeping          |     2 |     6 ||     8
Armor: Robe              |    28 |       ||    28
       Ring mail         |       |    48 ||    48
Dodge: Dodged            |    95 |    52 ||   147
